 Dungeon Crawl Stone Soup version 0.27.1 (webtiles) character file.

Game seed: 4954814213582234830

1621 Malachi the Grappler (level 8, -6/74 HPs)
             Began as a Troll Monk on Aug 20, 2021.
             Was a Follower of Ru.
             Shot with a bolt by an orc warrior (8 damage)
             ... in a bailey.
             The game lasted 00:10:22 (5481 turns).

Malachi the Grappler (Troll Monk)                   Turns: 5481, Time: 00:10:23

Health: -6/74      AC:  9    Str: 22    XL:     8   Next: 64%
Magic:  0/9        EV: 10    Int:  6    God:    Ru [*.....]
Gold:   1395       SH:  0    Dex: 12    Spells: 7/7 levels left

rFire    . . .     SeeInvis .     - Unarmed
rCold    . . .     Faith    .   (no shield)
rNeg     . . .     Spirit   +   a - +0 robe
rPois    .         Reflect  .   (helmet restricted)
rElec    .         Harm     .   d - +0 cloak
rCorr    .         Rampage  .   (gloves unavailable)
Will     .....                  (boots unavailable)
Stlth    ++........             m - amulet of guardian spirit
HPRegen  1.22/turn              l - +4 ring of protection
MPRegen  0.11/turn              (no ring)

@: studying Unarmed Combat
A: large, unfitting armour, claws 3, regeneration 1, shaggy fur 1, tough skin 1,
hated by all
a: Renounce Religion


You were in a bailey.
You worshipped Ru.
Ru was aware of your devotion.
You visited 2 branches of the dungeon, and saw 8 of its levels.
You also visited: Bailey.

You collected 1395 gold pieces.

Inventory:

Hand Weapons
 o - the +9 mace of Conflict {vamp, rF+}
   (You found it on level 4 of the Dungeon)

   It occasionally heals its wielder for a portion of the damage dealt when it
   wounds a living foe.
   rF:        It protects you from fire.
Missiles
 v - a throwing net (quivered)
Armour
 a - a +0 robe (worn)
 d - a +0 cloak (worn)
Jewellery
 l - a +4 ring of protection (left claw)
 m - an amulet of guardian spirit (around neck)
Wands
 n - a wand of paralysis (9)
 p - a wand of flame (17)
Scrolls
 g - a scroll of noise
 h - a scroll of amnesia
 i - a scroll of fear
 k - 4 scrolls of enchant armour
 q - a scroll of immolation
Potions
 b - 2 potions of curing
 c - 2 potions of degeneration
 e - a potion of haste
 f - a potion of attraction
 r - a potion of flight
 s - a potion of magic {unknown}


   Skills:
 - Level 2.4 Fighting
 - Level 2.4 Dodging
 - Level 1.0 Stealth
 * Level 11.2 Unarmed Combat
 + Level 3.5 Invocations


You had 7 spell levels left.
You didn't know any spells.
Your spell library contained the following spells:

 Spells                   Type           Power      Damage    Failure   Level
 Sting                    Tmut/Pois      0%         1d3       45%         1
 Poisonous Vapours        Pois/Air       0%         N/A       58%         2
 Olgreb's Toxic Radiance  Pois           0%         N/A       99%         4
 Orb of Destruction       Conj           0%         N/A       100%        7
 Summon Guardian Golem    Hex/Summ       Unusable   N/A       N/A         3
 Spellforged Servitor     Conj/Summ      Unusable   N/A       N/A         7

Dungeon Overview and Level Annotations

Branches:
Dungeon (7/15)             Temple (1/1) D:6          Bailey (1/1)

Altars:
Dithmenos
Elyvilon
Ru
Sif Muna
Trog
Xom
Yredelemnul
The Shining One


Innate Abilities, Weirdness & Mutations

You are too large for most types of armour.
You have claws for hands.
Your natural rate of healing is unusually fast.
You are covered in fur. (AC +1)
You have tough skin. (AC +1)
You are hated by all.


Message History

The orc warrior shoots a bolt.
The bolt hits you but does no damage.
The orc warrior shoots a bolt.
The bolt hits you!
The orc warrior shoots a bolt.
The bolt barely misses you.
You hear a shout!
The orc shoots a bolt.
The bolt barely misses you.
The orc warrior shoots a bolt.
The bolt barely misses you.
The orc warrior shoots a bolt.
The bolt hits you.
The orc shoots a bolt.
The bolt hits you but does no damage.
The orc warrior shoots a bolt.
The bolt hits you.
The orc shoots a bolt.
The bolt hits you.
The orc warrior shoots a bolt.
The bolt closely misses you.
An orc warrior comes into view. It is wielding a +0 arbalest.
The orc shoots a bolt.
The bolt hits you!
The orc warrior unwields a +0 arbalest.
The orc warrior closely misses you.
The orc warrior shoots a bolt.
The bolt hits you!
The orc warrior shouts!
You scratch the orc warrior but do no damage.
The orc warrior shoots a bolt.
The bolt hits you!
* * * LOW HITPOINT WARNING * * *
The orc shoots a bolt.
The bolt hits you!
* * * LOW HITPOINT WARNING * * *
The orc warrior closely misses you.
You hear a shout!
You feel much better.
The orc warrior shoots a bolt.
The bolt barely misses you.
The orc is stunned by your conviction and fails to attack.
The orc warrior barely misses you.
The orc shoots a bolt.
The bolt hits you.
The orc warrior wields a +0 arbalest.
The orc warrior shoots a bolt.
The bolt hits you!!
* * * LOW HITPOINT WARNING * * *
The orc warrior shoots a bolt.
The bolt misses you.
The orc warrior shoots a bolt.
The bolt barely misses you.
The orc shoots a bolt.
The bolt hits you but does no damage.
You mangle the orc warrior!!
The orc warrior is severely wounded.
The orc warrior shoots a bolt.
The bolt closely misses you.
The orc warrior unwields a +0 arbalest.
The orc warrior hits you.
* * * LOW HITPOINT WARNING * * *
The orc warrior shoots a bolt.
The bolt hits you!
You die...

#......≈#
#......≈≈#o
#......≈≈≈≈
#......≈≈≈≈
#......≈≈≈≈
#......≈≈≈≈
#......≈≈≈≈
#......≈≈≈≈
#..@o..≈≈≈≈
#......≈≈≈≈
#...o..≈≈≈≈
#......≈≈≈≈
#......≈≈≈≈
#......≈≈≈≈
#......≈≈≈≈
#......≈≈#o
#......≈#


You could see 3 orc warriors and an orc.

Vanquished Creatures
  Edmund (D:4)
  2 ogres
  An ice beast (D:3)
  A necrophage (D:4)
  3 centaurs
  4 scorpions
  A wyvern zombie (D:5)
  A water moccasin zombie (D:6)
  A howler monkey (D:6)
  2 hounds
  An orc priest (D:3)
  Ijyb (D:4)
  3 iguanas
  3 orc wizards
  A hound zombie (D:5)
  7 adders
  4 gnolls (D:4)
  A howler monkey skeleton (D:4)
  2 shadow imps (D:5)
  An adder skeleton (D:5)
  4 worms (D:2)
  2 dart slugs
  12 orcs
  6 ball pythons
  7 endoplasms
  5 giant cockroaches
  13 goblins
  4 hobgoblins
  A jackal (D:2)
  9 kobolds
  5 quokkas
  6 bats
  2 frilled lizards
  A goblin skeleton (D:5)
  3 hobgoblin zombies (D:5)
  2 kobold zombies (D:5)
  2 orc skeletons (D:5)
  2 orc zombies (D:5)
  A rat (D:1)
128 creatures vanquished.

Notes
Turn   | Place    | Note
-------+----------+-------------------------------------------
     0 | D:1      | Malachi the Troll Monk began the quest for the Orb.
     0 | D:1      | Reached XP level 1. HP: 22/22 MP: 0/0
   210 | D:1      | Reached XP level 2. HP: 29/29 MP: 1/1
   770 | D:2      | Reached skill level 4 in Unarmed Combat
   852 | D:2      | Reached XP level 3. HP: 31/36 MP: 2/2
  1173 | D:2      | Found a shimmering altar of Xom.
  1266 | D:2      | Reached XP level 4. HP: 39/44 MP: 3/3
  1510 | D:2      | Reached skill level 5 in Unarmed Combat
  2245 | D:3      | Noticed an ice beast
  2252 | D:3      | Killed an ice beast
  2253 | D:3      | Reached skill level 6 in Unarmed Combat
  2253 | D:3      | Reached XP level 5. HP: 45/50 MP: 4/4
  2631 | D:4      | Reached XP level 6. HP: 53/59 MP: 5/5
  2683 | D:4      | Reached skill level 7 in Unarmed Combat
  2751 | D:4      | Identified the +9 mace of Conflict {vamp, rF+}
  2819 | D:4      | Noticed Edmund
  2838 | D:4      | Killed Edmund
  2839 | D:4      | Reached skill level 8 in Unarmed Combat
  2839 | D:4      | Reached XP level 7. HP: 22/66 MP: 6/6
  2899 | D:4      | Found a bloodstained altar of Trog.
  2901 | D:4      | Noticed Ijyb
  2910 | D:4      | Killed Ijyb
  3114 | D:4      | Found a sacrificial altar of Ru.
  3417 | D:5      | Entered Level 5 of the Dungeon
  3457 | D:5      | Found a basalt altar of Yredelemnul.
  3638 | D:5      | Reached skill level 9 in Unarmed Combat
  3680 | D:5      | Found a glowing golden altar of the Shining One.
  3702 | D:5      | Reached skill level 1 in Invocations
  3759 | D:5      | Reached XP level 8. HP: 34/74 MP: 3/8
  4404 | D:5      | Identified 2 scrolls of acquirement
  4404 | D:5      | Acquired 1077 gold pieces
  4406 | D:5      | Acquired a manual of Unarmed Combat
  4465 | D:6      | Reached skill level 10 in Unarmed Combat
  4866 | D:6      | Reached skill level 11 in Unarmed Combat
  5055 | D:6      | Found a faded altar of an unknown god.
  5058 | D:6      | Found a staircase to the Ecumenical Temple.
  5077 | Temple   | Entered the Ecumenical Temple
  5159 | D:4      | Became a worshipper of Ru the Awakened
  5173 | D:4      | Gained mutation: You are hated by all. [Ru sacrifice]
  5173 | D:4      | Reached * piety under Ru
  5371 | D:7      | Found a flagged portal.
  5399 | Bailey   | Entered a bailey
  5477 | Bailey   | HP: 1/74 [orc/bolt (11)]
  5481 | Bailey   | Shot with a bolt by an orc warrior

Illustrated notes

Levels and vault maps discovered:
D:1:      elethiomel_arrival_fortress_basement, layout_basic,
          serial_bayou_pond_a
D:2:      layout_loops_corners, basic_altar, grunt_decor_clamped,
          minmay_nonomino_d4
D:3:      layout_loops_corners, hangedman_decor_points
D:4:      layout_basic, nicolae_ru_the_path_less_chosen,
          mainiacjoe_overflow_six_doors_small, uniq_ijyb, uniq_edmund
D:5:      layout_loops_corners, nicolae_tso_besieged_by_evil,
          yredelemnul_altar_generic, minivault_26, mrwooster_statue_mirror,
          minmay_misc_feat_plants, minmay_misc_feat_enclosed
D:6:      layout_loops_ring, nicolae_temple_entry_ecumenical
D:7:      layout_loops_corners, serial_shops, kennysheep_mini_moat,
          enter_bailey_6, minmay_fountain_box, uniq_duvessa, uniq_menkaure
Temple:   cyrus_circular_temple
Bailey:   bailey_polearm_2, bailey

Skill      XL: |  1  2  3  4  5  6  7  8 |
---------------+-------------------------+-----
Unarmed Combat | 4 6 8 9 11 | 11.2
Invocations    | 1 3 |  3.5
Fighting       | |  2.4
Dodging        | |  2.4
Stealth        | |  1.0

Action                   |  1- 3 |  4- 6 |  7- 9 || total
-------------------------+-------+-------+-------++-------
Melee: Unarmed           |    69 |   129 |   144 ||   342
       Punch             |       |     3 |     4 ||     7
Invok: Sacrifice Love    |       |       |     1 ||     1
  Use: Scroll            |       |       |    14 ||    14
       Potion            |       |       |     1 ||     1
 Stab: Sleeping          |     3 |     3 |     3 ||     9
       Distracted        |     1 |       |       ||     1
Armor: Robe              |    35 |    34 |    53 ||   122
Dodge: Dodged            |    28 |    40 |    86 ||   154
